 Dungeon Crawl Stone Soup version 0.26-a0-631-ged93497179 (webtiles) character file.

Game seed: 9803889348897012748

767 DogServant the Ruffian (level 7, -10/60 HPs)
             Began as a White Draconian Transmuter on Sept 12, 2020.
             Killed by divine providence
             ... invoked by an orc priest
              (12 damage)
             ... on level 5 of the Dungeon.
             The game lasted 00:13:23 (5254 turns).

DogServant the Ruffian (White Draconian Transmuter) Turns: 5254, Time: 00:13:24

Health: -10/60     AC:  6    Str: 15    XL:     7   Next: 52%
Magic:  9/10       EV: 13    Int: 13    God:
Gold:   321        SH:  0    Dex: 11    Spells: 6/10 levels left

rFire    . . .     SeeInvis .     - Unarmed
rCold    + . .     Faith    .   (no shield)
rNeg     . . .     Spirit   .   (armour unavailable)
rPois    .         Reflect  .   (helmet restricted)
rElec    .         Harm     .   (no cloak)
rCorr    .         Rampage  .   (no gloves)
MR       .....                  (no boots)
Stlth    +.........             (no amulet)
HPRegen  0.20/turn              (no ring)
MPRegen  0.12/turn              (no ring)

@: wereblooded
A: breathe frost, unfitting armour, cold resistance 1, cold-blooded, AC +6
a: Breathe Frost


You were on level 5 of the Dungeon.
You visited 1 branch of the dungeon, and saw 5 of its levels.

You collected 321 gold pieces.

Inventory:

Jewellery
 m - an uncursed ring of flight {unknown}
 n - a +6 ring of intelligence
Scrolls
 a - a scroll of fog
 b - a scroll of enchant weapon
 c - 5 scrolls of remove curse
 o - a scroll of identify
 p - a scroll of amnesia
Potions
 d - 2 potions of magic
 e - a potion of ambrosia {unknown}
 f - a potion of flight {unknown}
 g - 5 potions of curing {unknown}
 h - a potion of mutation {unknown}
 i - 2 potions of lignification {unknown}
 j - 2 potions of brilliance {unknown}
 k - a potion of berserk rage {unknown}
 l - a potion of might {unknown}


   Skills:
 + Level 4.4 Fighting
 + Level 3.2 Dodging
 * Level 6.7 Unarmed Combat
 - Level 2.0 Spellcasting
 + Level 3.4 Transmutations


You had 6 spell levels left.
You knew the following spells:

 Your Spells              Type           Power        Failure   Level
a - Beastly Appendage     Tmut           ##....       6%          1
b - Wereblood             Tmut           ##......     10%         2
c - Animate Skeleton      Necr           #.....       26%         1

Your spell library contained the following spells:

 Spells                   Type           Power        Failure   Level
 Apportation              Tloc           #.....       26%         1
 Corona                   Hex            #......      26%         1
 Summon Small Mammal      Summ           #...         26%         1
 Spider Form              Tmut/Pois      #.........   36%         3
 Ice Form                 Ice/Tmut       #.......     77%         4
 Blade Hands              Tmut           ##........   86%         5


Dungeon Overview and Level Annotations

Branches:
Dungeon (5/15)
 Temple: D:4-7

Altars:
Kikubaaqudgha
Okawaru
Xom
Zin


Innate Abilities, Weirdness & Mutations

You can breathe waves of freezing cold.
You can buffet flying creatures when you breathe cold.
Your icy white scales are hard. (AC +6)
You cannot fit into any form of body armour.
Your flesh is cold resistant. (rC+)
You are cold-blooded and may be slowed by cold attacks.


Message History

You hit the iguana.
You kill the iguana!
The white imp gestures at you. The puff of frost misses you.
The orc priest hits you with a +0 flail.
* * * LOW HITPOINT WARNING * * *
You hit the orc priest.
The orc priest is lightly wounded.
The white imp gestures at you. The puff of frost hits you. You resist.
* * * LOW HITPOINT WARNING * * *
The orc priest hits you but does no damage.
You completely miss the orc priest.
The orc priest is lightly wounded.
The white imp closely misses you.
You completely miss the orc priest.
The orc priest is lightly wounded.
The orc priest invokes the aid of Beogh against you.
Beogh smites you!
You die...

##.#####.###
#######...#......##
##...##............####
#..#.###............#.####
##.#............#.........
#...#....................
##..##...................
##......................
#.....@................
####.5†o.........#.....
##.............#.....
#....................
#....8...8...8...##....
#........#...#...>.#.##..
..........###.###......##..
...........#...#...#.......
#........8...8...8.#.......


You could see an orc priest and a white imp.

Vanquished Creatures
  A sky beast (D:5)
  An ice beast (D:5)
  2 ogres (D:4)
  2 hounds (D:4)
  2 iguanas
  Natasha (thrice) (D:2)
  3 worker ants
  A worker ant zombie (D:5)
  5 adders
  An ufetubus (D:5)
  An ooze (D:1)
  An adder skeleton (D:4)
  2 dart slugs
  3 leopard geckos
  12 orcs
  7 giant cockroaches
  7 hobgoblins
  4 jackals (D:2)
  4 quokkas
  A ball python skeleton (D:5)
  7 bats
  4 frilled lizards
  7 goblins
  8 kobolds
  A leopard gecko skeleton (D:4)
  7 rats
97 creatures vanquished.

Notes
Turn   | Place    | Note
-------+----------+-------------------------------------------
     0 | D:1      | DogServant the Draconian Transmuter began the quest for the
                  | Orb.
     0 | D:1      | Reached XP level 1. HP: 16/16 MP: 3/3
   205 | D:1      | Reached XP level 2. HP: 18/23 MP: 5/5
   848 | D:2      | Reached XP level 3. HP: 28/28 MP: 6/6
   897 | D:2      | Found a glowing silver altar of Zin.
   971 | D:2      | Noticed Natasha
   979 | D:2      | Killed Natasha
   979 | D:2      | Reached skill level 4 in Unarmed Combat
  1038 | D:2      | Noticed Natasha
  1047 | D:2      | Killed Natasha
  1047 | D:2      | Reached XP level 4. HP: 15/37 MP: 5/7
  1795 | D:2      | Found an iron altar of Okawaru.
  1814 | D:2      | Noticed Natasha
  1826 | D:2      | Killed Natasha
  2076 | D:2      | Reached XP level 5. HP: 44/44 MP: 8/8
  2119 | D:2      | Reached skill level 5 in Unarmed Combat
  2689 | D:3      | Found a shimmering altar of Xom.
  2691 | D:3      | Found a glowing silver altar of Zin.
  2691 | D:3      | Found a sacrificial altar of Ru.
  2693 | D:3      | Found a shimmering altar of Xom.
  2693 | D:3      | Found an ornate altar of the Wu Jian Council.
  2693 | D:3      | Found a glowing silver altar of Zin.
  3217 | D:4      | Noticed an ogre
  3219 | D:4      | Learned a level 2 spell: Wereblood
  3379 | D:4      | Killed an ogre
  3379 | D:4      | Reached XP level 6. HP: 16/51 MP: 7/9
  3680 | D:4      | Learned a level 1 spell: Animate Skeleton
  3755 | D:4      | HP: 2/51 [ogre/+0 giant club (28)]
  4345 | D:4      | Reached skill level 6 in Unarmed Combat
  4781 | D:4      | Found an ancient bone altar of Kikubaaqudgha.
  4952 | D:5      | Entered Level 5 of the Dungeon
  4975 | D:5      | Your scales start taking on an icy white colour.
  4975 | D:5      | Reached XP level 7. HP: 59/59 MP: 8/10
  4975 | D:5      | Gained mutation: Your flesh is cold resistant. (rC+) [White
                  | Draconian growth]
  5252 | D:5      | HP: 2/60 [white imp/puff of frost (4)]
  5254 | D:5      | Killed from afar by an orc priest

Illustrated notes

Levels and vault maps discovered:
D:1:      dpeg_arrival_stone_temple_mockup, layout_basic
D:2:      layout_loops_corners, zin_academy, chequers_serial_rivers_micro_c,
          okawaru_ov_weapons_minmay, uniq_natasha
D:3:      layout_loops_ring, doesnt_xom_only_xom
D:4:      layout_gridville, lemuel_round_altar
D:5:      layout_cave_pools, lemuel_zombie_altar_yredelemnul, serial_shops,
          shop, minmay_misc_feat_four_crosses, nrook_mini_vaults, minivault_5,
          lemuel_blue_sif_altar

Skill      XL: |  1  2  3  4  5  6  7 |
---------------+----------------------+-----
Fighting       | 2 3 4 |  4.4
Unarmed Combat | 4 5 6 |  6.7
Dodging        | 2 3 |  3.2
Transmutations | 3 |  3.4
Spellcasting   | |  2.0

Action                   |  1- 3 |  4- 6 |  7- 9 || total
-------------------------+-------+-------+-------++-------
Melee: Unarmed           |    77 |   211 |    37 ||   325
       Kick              |     7 |    15 |     6 ||    28
       Tailslap          |     6 |    14 |     3 ||    23
       Headbutt          |       |    12 |     4 ||    16
       Punch             |       |     4 |       ||     4
 Cast: Beastly Appendage |     7 |    17 |     4 ||    28
       Wereblood         |       |       |     1 ||     1
 Abil: Breathe Frost     |       |       |     5 ||     5
  Use: Scroll            |       |     9 |       ||     9
 Stab: Sleeping          |       |     1 |       ||     1
Armor: Skin              |    29 |    57 |    15 ||   101
Dodge: Dodged            |    49 |   110 |    36 ||   195

Table legend: (Time is in decaauts)
 A = Elapsed time spent in this place.
 B = Non-inter-level travel time spent in this place.
 C = Inter-level travel time spent in this place.
 D = Time resting spent in this place.
 E = Time spent auto-exploring this place.
 F = Levels seen in this place.
 G = Mean time per level.
                   A        B        C        D        E       F      G
               +--------+--------+--------+--------+--------+-----+--------+
         Total |   5238 |   5103 |    135 |    756 |   3422 |   5 | 1047.6 |
       Dungeon |   5238 |   5103 |    135 |    756 |   3422 |   5 | 1047.6 |
               +--------+--------+--------+--------+--------+-----+--------+

Top non-repeatable levels by time:
     D:2: 1518 daAuts
     D:4: 1428 daAuts
     D:3: 1160 daAuts
     D:1: 833 daAuts
     D:5: 297 daAuts
